Map: Solaris LE

Players

DKZJieShi (Jieshi) - Winner!

  • Race: Protoss Protoss
  • League: Master
  • Spawn Location: 1:00

Creator

  • Race: Protoss Protoss
  • Spawn Location: 7:00

Event: IEM Katowice 2024

VOD

Have the link to the VOD?

Description

Time

  • Played on: Dec. 7, 2023, 2:20 p.m.
  • Length: 5:44

All games in this series

Show
View Real Time Build Order
Export as new Build Order

DKZJieShi Protoss - Winner!

Build Orders:  

Get SALT Encoding   

  12  0:00  Probe  
  13  0:13  Probe  
  14  0:18  Pylon  
  14  0:25  Probe (Chrono Boost)  
  15  0:36  Gateway  
  15  0:39  Probe (Chrono Boost)  
  16  0:44  Probe (Chrono Boost)  
  16  0:47  Assimilator  
  17  0:53  Probe (Chrono Boost)  
  17  0:55  Assimilator  
  18  1:05  Probe (Chrono Boost)  
  18  1:07  Gateway  
  19  1:13  Probe (Chrono Boost)  
  20  1:19  Probe  
  20  1:25  Cybernetics Core  
  21  1:31  Probe  
  22  1:35  Pylon  
  22  1:43  Probe  
  23  1:55  Probe  
  23  2:01  Adept x2, Warp Gate  
  28  2:14  Robotics Facility, Pylon  
  28  2:32  Stalker x2  
  32  2:49  Gateway  
  32  2:59  Immortal (Chrono Boost)  
  32  3:04  Pylon  
  36  3:17  Sentry  
  37  3:27  Warp Prism (Chrono Boost)  
  39  3:49  Adept x3  
  39  3:51  Pylon  
  45  3:57  Observer  
  46  4:03  Pylon  
  46  4:14  Adept x3  
  52  4:34  Stalker  
  52  4:35  Stalker  
  54  4:45  Stalker  
  56  5:00  Stalker x2  
  56  5:20  Adept  
  54  5:23  Adept x2  
Show
View Real Time Build Order
Export as new Build Order

Creator Protoss 

Build Orders:  

Get SALT Encoding   

  12  0:00  Probe  
  13  0:12  Probe  
  14  0:16  Pylon  
  14  0:24  Probe (Chrono Boost)  
  15  0:36  Probe (Chrono Boost)  
  15  0:37  Gateway  
  16  0:44  Probe (Chrono Boost)  
  16  0:45  Assimilator  
  17  0:51  Probe  
  18  0:57  Assimilator  
  18  1:03  Probe (Chrono Boost)  
  19  1:07  Gateway  
  19  1:12  Probe (Chrono Boost)  
  19  1:17  Probe (Chrono Boost)  
  21  1:26  Cybernetics Core  
  21  1:29  Probe  
  22  1:35  Pylon  
  22  1:41  Probe  
  23  1:53  Probe  
  24  2:02  Stalker x2  
  24  2:03  Warp Gate  
  24  2:08  Pylon  
  28  2:29  Pylon  
  28  2:32  Sentry x2  
  31  2:48  Nexus  
  31  2:51  Probe  
  32  2:57  Shield Battery  
  32  3:05  Robotics Facility  
  32  3:13  Stalker  
  32  3:16  Probe  
  35  3:31  Probe  
  36  3:36  Pylon  
  36  3:46  Probe  
  37  3:49  Stalker x2  
  37  3:52  Immortal (Chrono Boost)  
  41  3:58  Sentry  
  41  3:59  Adept  
  45  4:02  Shield Battery  
  45  4:11  Shield Battery  
  45  4:21  Immortal (Chrono Boost)  
  49  4:27  Pylon  
  47  4:32  Adept  
  47  4:36  Adept  
  41  4:49  Pylon  
  41  4:54  Stalker  
  35  5:00  Stalker  
  35  5:18  Stalker  
  32  5:25  Zealot  

Tags
 
Add a new tag
Caveats
  • Supply blocks, unpowered buildings, or Contaminate may cause inaccurate times.
  • Supply counts are checked every 10 seconds.